Map: Orbital Shipyard

Players

LilDicky - Winner!

  • Race: Terran Terran
  • League: Diamond

Evoslayer

  • Race: Zerg Zerg
  • League: Diamond

VOD

http://www.twitch.tv/tumescentpie

Description

Time

  • Played on: Dec. 2, 2015, 9:15 p.m.
  • Length: 14:08
Show
View Real Time Build Order
Export as new Build Order

LilDicky Terran - Winner!

Build Orders:  

Get SALT Encoding   

  12  0:01  SCV  
  13  0:13  SCV  
  14  0:18  Supply Depot  
  14  0:25  SCV  
  14  0:28  Refinery  
  15  0:40  SCV  
  16  0:45  Barracks  
  16  0:55  SCV  
  17  1:07  SCV  
  18  1:20  SCV  
  19  1:32  Marine  
  20  1:40  Orbital Command  
  20  1:48  Command Center  
  20  1:55  Reaper  
  20  1:59  Refinery  
  20  2:10  SCV  
  21  2:19  Factory  
  21  2:29  SCV, Supply Depot  
  22  2:33  Barracks Tech Lab  
  22  2:41  SCV  
  23  3:05  Command Center  
  23  3:13  Orbital Command  
  23  3:17  SCV  
  24  3:30  SCV  
  25  3:44  Siege Tank  
  25  3:46  SCV  
  25  3:48  SCV  
  30  3:53  Barracks Reactor  
  30  3:55  Starport  
  29  3:58  SCV  
  29  4:00  SCV  
  31  4:10  SCV  
  31  4:12  SCV  
  31  4:15  Liberator  
  31  4:16  Siege Tank  
  36  4:19  Orbital Command  
  36  4:22  SCV  
  37  4:29  Marine x2  
  39  4:36  SCV  
  39  4:37  SCV, Refinery  
  44  4:40  Refinery  
  44  4:46  SCV  
  44  4:48  SCV  
  44  4:49  SCV  
  44  4:51  Marine x2  
  49  4:53  Siege Tank  
  49  4:58  SCV  
  53  5:00  SCV  
  53  5:02  SCV  
  53  5:04  Liberator x2  
  55  5:13  Orbital Command  
  55  5:20  Barracks Reactor  
  61  5:29  Supply Depot  
  61  5:32  Engineering Bay, Barracks x2  
  61  5:34  Engineering Bay  
  61  5:38  SCV  
  62  5:45  SCV x2  
  64  5:50  SCV, Siege Tank, Liberator  
  64  5:56  Marine x2  
  70  5:59  SCV  
  70  6:03  SCV x2  
  77  6:11  SCV  
  77  6:23  Liberator  
  77  6:39  Supply Depot, Barracks Tech Lab x2  
  77  6:40  Supply Depot, SCV x3, Marine x2  
  85  6:52  Liberator  
  82  7:06  Liberator  
  79  7:15  Siege Tank  
  85  7:20  Refinery, Marine x3  
  85  7:21  Combat Shields, Stimpack, Marine  
  92  7:34  Liberator  
  92  7:37  Marine  
  90  7:52  Marine  
  90  7:53  Marine x2  
  90  7:55  Marine  
  97  7:59  SCV x2, Barracks  
  97  8:00  Barracks  
  97  8:01  Starport, Barracks  
  97  8:02  Terran Infantry Weapons Level 1, Terran Infantry Armor Level 1, Barracks  
  99  8:05  Armory  
  99  8:06  SCV  
  99  8:10  Marine, Liberator  
  101  8:21  Supply Depot  
  101  8:23  Supply Depot  
  101  8:26  Supply Depot  
  101  8:27  Supply Depot, Marine x3  
  101  8:28  Marine  
  101  8:29  Missile Turret  
  101  8:31  Missile Turret  
  108  8:34  Missile Turret  
  108  8:36  Missile Turret  
  108  8:40  Starport Reactor  
  108  8:44  Command Center, Marine x3  
  111  8:57  Marine  
  111  9:02  Marine  
  113  9:17  Liberator x2  
  113  9:28  Supply Depot  
  113  9:29  Marine x2  
  113  9:30  Supply Depot, Marauder  
  113  9:31  SCV x2, Marauder  
  121  9:33  Medivac  
  121  9:34  Medivac  
  121  9:37  Barracks Tech Lab x4  
  131  9:42  SCV  
  131  9:43  SCV  
  133  9:47  Marine x2  
  133  9:50  Barracks Reactor  
  133  9:51  Marine x2  
  137  9:52  Concussive Shells  
  137  9:56  Orbital Command  
  137  10:05  Marine x2  
  137  10:06  Command Center, Marine  
  142  10:07  Supply Depot, Marine, Marauder  
  142  10:09  Marine  
  142  10:10  Marauder  
  146  10:15  Missile Turret  
  146  10:20  Missile Turret  
  146  10:23  Marine x2  
  146  10:24  Marine  
  146  10:28  Marauder  
  151  10:30  Command Center  
  151  10:31  Marauder  
  151  10:32  SCV x2  
  151  10:34  Marine x3  
  159  10:35  SCV  
  159  10:38  Missile Turret  
  159  10:39  Marine  
  159  10:40  Marine  
  161  10:49  Marauder  
  163  10:52  Marine  
  163  10:53  Marine x5  
  149  10:57  Marine  
  147  11:14  Marine  
  147  11:15  Marine x2  
  130  11:31  Marine x2  
  129  11:40  Marine x7  
  129  11:41  Siege Tank  
  129  11:42  Medivac x3  
  129  11:43  Medivac  
  129  11:46  Missile Turret  
  147  11:48  Marine  
  147  11:49  Marine  
  149  11:57  Marine  
  149  11:58  Marine x2  
  149  11:59  Marauder x2  
  156  12:13  Siege Tank  
  145  12:48  Viking x4  
  145  12:49  Marine x5  
  145  12:50  Marine x4  
  129  12:59  Planetary Fortress  
  123  13:07  Marine x6  
  123  13:08  Marauder x3  
  132  13:18  Viking x2  
  136  13:25  Marine x4  
  136  13:26  Missile Turret, Marauder x2  
  144  13:27  Missile Turret  
  144  13:28  Missile Turret  
  144  13:29  Siege Tank, Missile Turret, Marine x3  
  144  13:30  Medivac  
  155  13:42  Marine  
  155  13:43  Marine  
  155  13:47  Factory, Marauder  
Show
View Real Time Build Order
Export as new Build Order

Evoslayer Zerg 

Build Orders: Hatch First 

Get SALT Encoding   

  12  0:01  Drone  
  13  0:09  Drone  
  14  0:18  Overlord  
  14  0:26  Drone, Extractor  
  15  0:37  Drone x2  
  17  0:45  Drone  
  18  0:59  Hatchery  
  17  1:05  Drone  
  18  1:16  Spawning Pool  
  17  1:26  Drone  
  17  1:29  Drone  
  17  1:30  Drone  
  20  1:35  Extractor  
  19  1:45  Drone  
  20  1:51  Drone  
  21  2:07  Overlord, Queen  
  22  2:10  Queen  
  22  2:14  Zergling x2  
  25  2:18  Drone  
  26  2:24  Drone  
  27  2:43  Drone x4  
  31  2:45  Hatchery  
  30  2:54  Drone x2  
  30  2:58  Zergling x2  
  33  3:05  Metabolic Boost  
  33  3:08  Drone, Zergling x2  
  35  3:15  Drone  
  36  3:27  Overlord  
  35  3:43  Drone  
  35  3:44  Overlord, Queen x2  
  40  3:51  Drone x2, Overlord  
  40  3:54  Drone x2  
  44  4:05  Drone x3  
  44  4:06  Roach Warren, Drone  
  44  4:08  Queen  
  49  4:12  Drone x2  
  51  4:19  Drone x3, Extractor  
  53  4:34  Overlord, Drone  
  53  4:36  Overlord  
  54  4:40  Lair  
  54  4:43  Extractor  
  54  4:44  Extractor  
  52  4:52  Zergling x6  
  55  4:54  Drone  
  55  4:56  Spore Crawler  
  55  4:57  Drone, Spine Crawler x2  
  55  4:59  Spore Crawler  
  53  5:01  Burrow, Spore Crawler  
  52  5:15  Drone x2  
  52  5:18  Drone x2  
  56  5:26  Drone  
  57  5:34  Drone  
  58  5:38  Drone  
  58  5:39  Drone  
  58  5:41  Drone x4  
  58  5:42  Drone x4  
  68  5:43  Drone  
  68  5:48  Drone x2  
  71  5:53  Infestation Pit, Zergling x6  
  71  5:54  Zergling x4  
  75  6:01  Extractor  
  75  6:04  Extractor, Zergling x8  
  75  6:09  Glial Reconstitution  
  75  6:11  Evolution Chamber  
  74  6:12  Evolution Chamber  
  72  6:26  Drone x3  
  72  6:28  Nydus Network  
  74  6:33  Spire  
  74  6:35  Hive, Pneumatized Carapace  
  74  6:36  Drone x3  
  76  6:53  Hatchery  
  70  6:58  Drone  
  70  6:59  Drone x10  
  76  7:15  Zerg Ground Armor Level 1, Zergling x4  
  77  7:16  Zergling x4  
  68  7:52  Viper x2  
  68  7:53  Viper  
  68  7:55  Zergling x8  
  68  7:56  Overlord x2  
  68  7:57  Overlord x3  
  81  8:14  Drone x2  
  81  8:15  Drone x7  
  81  8:18  Viper  
  93  8:28  Roach x4  
  93  8:31  Zerg Missile Weapons Level 1  
  93  8:33  Drone  
  102  8:42  Drone x4  
  108  8:55  Greater Spire  
  107  9:00  Roach x5  
  115  9:06  Overlord, Extractor  
  112  9:11  Overlord x2  
  112  9:15  Overlord  
  107  9:25  Roach  
  107  9:26  Roach x2  
  113  9:31  Overlord  
  113  9:34  Drone x3  
  113  9:37  Drone  
  113  9:38  Drone x2  
  119  9:43  Roach x2  
  123  9:54  Hatchery  
  123  9:57  Hydralisk Den  
  121  10:03  Drone x2  
  121  10:04  Drone x6  
  121  10:06  Roach  
  131  10:11  Corruptor  
  133  10:15  Corruptor  
  133  10:17  Corruptor  
  137  10:22  Corruptor  
  137  10:23  Corruptor x3  
  137  10:25  Overlord x2  
  145  10:30  Overlord  
  145  10:31  Overlord  
  145  10:59  Overlord  
  145  11:00  Overlord  
  129  11:19  Brood Lord x4  
  129  11:20  Brood Lord x3  
  142  11:42  Hydralisk x2  
  142  11:44  Overlord x3  
  142  11:45  Overlord  
  146  11:49  Extractor x2  
  143  12:03  Overlord x2  
  143  12:06  Roach x9  
  161  12:13  Hydralisk x3  
  167  12:19  Hydralisk x2  
  105  12:50  Roach x2  
  105  12:51  Roach x3  
  105  13:00  Hydralisk  
  107  13:11  Corruptor x3  
  113  13:21  Hydralisk  
  113  13:26  Zergling x4  
  117  13:28  Hatchery  
  117  13:30  Hatchery  
Tags
 
Add a new tag
Caveats
  • Supply blocks, unpowered buildings, or Contaminate may cause inaccurate times.
  • Supply counts are checked every 10 seconds.